 Dungeon Crawl Stone Soup version 0.31-a0-198-g2ad674f65e (webtiles) character file.

Game seed: 14894472958932577056

120 qw the Shooter (level 4, -4/25 HPs)
             Began as a Deep Elf Hunter on June 25, 2023.
             Succumbed to an orc wizard's poison
             ... on level 4 of the Dungeon.
             The game lasted 00:00:40 (1684 turns).

qw the Shooter (Deep Elf Hunter)                    Turns: 1684, Time: 00:00:41

Health: -4/25      AC: 12    Str: 13    XL:     4   Next: 75%
Magic:  6/6        EV: 10    Int: 14    God:
Gold:   102        SH:  5    Dex: 24    Spells: 3/3 levels left

rFire   . . .        Y - +1 shortbow
rCold   + . .        (shield currently unavailable)
rNeg    . . .        a - +3 scale mail "Ilas" {Str+3 Dex+6}
rPois   .            j - +0 helmet
rElec   .            l - +0 cloak
rCorr   .            (no gloves)
SInv    .            b - +0 pair of boots
Will    .....        h - amulet of reflection
Stlth   +            k - ring of protection from cold
HPRegen 0.24/turn    (no ring)
MPRegen 0.10/turn

%: reflection
@: lethally poisoned (-4 -> -31), about to teleport
A: no striking features
a: no special abilities


You were on level 4 of the Dungeon.
You visited 1 branch of the dungeon, and saw 4 of its levels.

You collected 102 gold pieces.


   Skills:
 - Level 1.5 Fighting
 + Level 7.9 Ranged Weapons
 - Level 1.0 Armour
 - Level 2.4 Dodging
 - Level 1.2 Stealth


You had 3 spell levels left.
You didn't know any spells.
Your spell library was empty.

Inventory:

Hand Weapons
 Y - a +1 shortbow (weapon)
Armour
 a - the +3 scale mail "Ilas" (worn) {Str+3 Dex+6}
   (You found it on level 2 of the Dungeon)

   Str:       It affects your strength (+3).
   Dex:       It affects your dexterity (+6).
 b - a +0 pair of boots (worn)
 j - a +0 helmet (worn)
 l - a +0 cloak (worn)
Jewellery
 h - an amulet of reflection (around neck)
 k - a ring of protection from cold (left hand)
Potions
 d - a potion of haste {unknown}
 e - a potion of ambrosia {unknown}
 g - a potion of heal wounds {unknown}
 i - a potion of curing {unknown}

Dungeon Overview and Level Annotations

Branches:
Dungeon (4/15)
 Temple: D:4-7

Altars:


Message History

The puff of flame hits you but does no damage.
You shoot an arrow.
The arrow hits the orc but does no damage.
A quokka comes into view.
The orc throws a boomerang.
The boomerang hits you but does no damage.
You shoot an arrow.
The arrow hits the orc but does no damage.
Something hits you but does no damage.
You are poisoned.
Something hits you but does no damage.
You are more poisoned.
You shoot an arrow.
The arrow hits the orc but does no damage.
You feel very sick. Something hits you but does no damage.
You are lethally poisoned!
The orc hits you but does no damage.
You shoot an arrow. The arrow hits the orc.
The orc is moderately wounded.
You feel very sick. You block something's attack. You block the orc's attack.
You shoot an arrow.
The arrow hits the orc but does no damage.
The orc is moderately wounded.
You feel very sick. Something hits you.
You are more poisoned.
The orc barely misses you.
The quokka bites you but does no damage.
You shoot an arrow. The arrow hits the orc!
You kill the orc!
You feel extremely sick. You block the quokka's attack.
Something hits you but does no damage.
You are more poisoned.
The quokka misses you.
1684 ||| READING scroll of teleportation.
As you read the scroll of teleportation, it crumbles to dust.
You feel strangely unstable.
You die...

... ..# ..## .#### ##...
.....##... .......).
#..r)## #@{# #..# ##.# ###
#.## #.# #..# ##.# ...##
###..######.##
............###..........##
.............#........##.#
....................####.#


You could see a quokka.

Vanquished Creatures
  Jessica (D:3)
  4 adders
  6 orcs
  2 endoplasms
  9 giant cockroaches (D:2)
  4 hobgoblins
  4 kobolds
  3 quokkas (D:1)
  2 ball pythons (D:1)
  6 bats
  6 frilled lizards
  4 rats
51 creatures vanquished.

Notes
Turn   | Place    | Note
-------+----------+-------------------------------------------
     0 | D:1      | qw the Deep Elf Hunter began the quest for the Orb.
     0 | D:1      | Reached XP level 1. HP: 12/12 MP: 3/3
     0 | D:1      | 0 ||| qw: Version: 0.3-a-22-g0ed2b0b
     0 | D:1      | 0 ||| qw: Game counter: 5034
     0 | D:1      | 0 ||| qw: Melee chars always use a shield: true
     0 | D:1      | 0 ||| qw: God list: Okawaru
     0 | D:1      | 0 ||| qw: Allow faded altars: false
     0 | D:1      | 0 ||| qw: Do Orc after clearing Dungeon:15 true
     0 | D:1      | 0 ||| qw: Do second Lair branch before Depths: true
     0 | D:1      | 0 ||| qw: Lair rune preference: random
     0 | D:1      | 0 ||| qw: Goals: Normal
     0 | D:1      | 0 ||| PLANNING D:1-11
   240 | D:1      | Reached skill level 6 in Ranged Weapons
   240 | D:1      | Reached XP level 2. HP: 16/16 MP: 4/4
   618 | D:1      | 618 ||| UPGRADING to +0 ring mail.
   628 | D:1      | 628 ||| DROPPING +0 leather armour.
   629 | D:1      | 629 ||| UPGRADING to +0 helmet.
   634 | D:1      | 634 ||| UPGRADING to amulet of reflection.
   639 | D:1      | 639 ||| DROPPING ring of wizardry.
   640 | D:1      | 640 ||| READING scroll labelled WIERAS VOITAIL.
   641 | D:1      | 641 ||| DROPPING scroll of butterflies.
   704 | D:2      | Identified the +3 scale mail "Ilas" {Str+3 Dex+6}
   728 | D:2      | Found a faded altar of an unknown god.
   781 | D:2      | Reached XP level 3. HP: 17/20 MP: 5/5
   781 | D:2      | 781 ||| FLEEEEING.
   782 | D:2      | 782 ||| FLEEEEING.
   785 | D:2      | 785 ||| FLEEEEING.
   786 | D:2      | 786 ||| FLEEEEING.
   788 | D:2      | 788 ||| FLEEEEING.
   789 | D:2      | 789 ||| FLEEEEING.
   797 | D:2      | 797 ||| FLEEEEING.
   798 | D:2      | 798 ||| FLEEEEING.
   799 | D:2      | 799 ||| FLEEEEING.
   800 | D:2      | 800 ||| FLEEEEING.
   801 | D:2      | 801 ||| FLEEEEING.
   802 | D:2      | 802 ||| FLEEEEING.
   807 | D:2      | 807 ||| FLEEEEING.
   808 | D:2      | 808 ||| FLEEEEING.
   809 | D:2      | 809 ||| FLEEEEING.
   810 | D:2      | 810 ||| FLEEEEING.
  1009 | D:2      | Reached skill level 7 in Ranged Weapons
  1128 | D:2      | 1128 ||| UPGRADING to +3 scale mail "Ilas" {Str+3 Dex+6}.
  1138 | D:2      | 1138 ||| UPGRADING to +0 pair of boots.
  1143 | D:2      | 1143 ||| DROPPING +0 ring mail.
  1144 | D:2      | 1144 ||| UPGRADING to +0 cloak.
  1149 | D:2      | 1149 ||| READING 2 scrolls labelled POUVEN APTASMO.
  1152 | D:2      | 1152 ||| READING scroll labelled KEGGOCS DINE.
  1153 | D:2      | 1153 ||| DRINKING 2 yellow potions.
  1154 | D:2      | 1154 ||| DROPPING potion of brilliance.
  1243 | D:3      | Reached XP level 4. HP: 25/25 MP: 6/6
  1245 | D:3      | Reached skill level 1 in Armour
  1327 | D:3      | Noticed Jessica
  1329 | D:3      | Killed Jessica
  1590 | D:3      | 1590 ||| UPGRADING to ring of protection from cold.
  1591 | D:3      | 1591 ||| READING scroll labelled HOLUAL JIOWU.
  1592 | D:3      | 1592 ||| READING scroll labelled PIULUAMADOZA.
  1671 | D:4      | 1671 ||| Stepping ~*~*~tactically~*~*~ (outnumbered).
  1683 | D:4      | HP: 2/25 [poisoned by an orc wizard]
  1684 | D:4      | 1684 ||| READING scroll of teleportation.
  1684 | D:4      | Succumbed to an orc wizard's poison

Levels and vault maps discovered:
D:1:      minmay_arrival_nine_rooms, layout_basic
D:2:      minmay_roachtagon, layout_basic, shapermc_ecumenical_altar_venn
D:3:      layout_loops_ring, uniq_jessica
D:4:      layout_layer_cave, xom_redecorated

Skill      XL: |  1  2  3  4 |
---------------+-------------+-----
Ranged Weapons | 6 7 |  7.9
Armour         | 1 |  1.0
Fighting       | |  1.5
Dodging        | |  2.4
Stealth        | |  1.2

Action                     |  1- 3 |  4- 6 || total
---------------------------+-------+-------++-------
   Fire: Shortbow          |    82 |    34 ||   116
    Use: Scroll            |     3 |     3 ||     6
         Potion            |     1 |       ||     1
 Armour: Ring mail         |     3 |       ||     3
         Scale mail        |     1 |    11 ||    12
  Dodge: Dodged            |    13 |     5 ||    18
  Block: Other             |     4 |     4 ||     8

Table legend:
 A = Non-vault XP
 B = Vault XP
 C = Vault XP percentage of total XP
 D = Non-vault monster count
 E = Vault monster count
 F = Vault count percentage of total count
                 A         B        C        D         E       F
            +---------+---------+-------+---------+---------+-------
      Total |     117 |      55 |  32.0 |      41 |      10 |  19.6
            +---------+---------+-------+---------+---------+-------
        D:1 |      25 |       0 |   0.0 |      17 |       0 |   0.0
        D:2 |      32 |      18 |  36.0 |       7 |       9 |  56.2
        D:3 |      48 |      37 |  43.5 |      12 |       1 |   7.7
        D:4 |      12 |       0 |   0.0 |       5 |       0 |   0.0
            +---------+---------+-------+---------+---------+-------
